 Dungeon Crawl Stone Soup version 0.31-a0-1388-g4b2ba238e7 (webtiles) character file.

Game seed: 4831109992954362303

659 porpoise the Apothecary (level 7, -9/51 HPs)
             Began as a Gnoll Alchemist on Dec 25, 2023.
             Was an Initiate of Ashenzari.
             Mangled by a crocodile (16 damage)
             ... in a sewer.
             The game lasted 00:18:43 (4505 turns).

porpoise the Apothecary (Gnoll Alchemist)           Turns: 4505, Time: 00:18:44

Health: -9/51      AC:  5    Str:  7    XL:     7   Next: 55%
Magic:  7/15       EV: 14    Int: 16    God:    Ashenzari [......]
Gold:   236        SH:  0    Dex: 13    Spells: 7/17 levels left

rFire   . . .        a - +0 short sword
rCold   . . .        (no shield)
rNeg    . . .        r - +0 robe
rPois   .            p - +0 helmet
rElec   .            j - +0 cloak
rCorr   .            c - +0 pair of gloves of the Lashed God {Elem, Fort} (curse)
SInv    .            (no boots)
Will    .....        (no amulet)
Stlth   +++          (no ring)
HPRegen 0.28/turn    (no ring)
MPRegen 0.14/turn

%: no passive effects
@: no status effects
A: fangs 1, strong nose, distributed training
a: Renounce Religion, Shatter the Chains


You were in a sewer.
You worshipped Ashenzari.
Ashenzari was noncommittal.
You visited 1 branch of the dungeon, and saw 5 of its levels.
You also visited: Sewer.

You collected 236 gold pieces.

Inventory:

Hand Weapons
 a - a +0 short sword (weapon)
 b - a +0 sling
Missiles
 n - 14 poisoned darts
Armour
 c - the cursed +0 pair of gloves of the Lashed God (worn) {Elem, Fort}
   (You found it on level 1 of the Dungeon)

   It has a curse which improves the following skills: Elements: Fire Magic, Ice
   Magic, Air Magic and Earth Magic.
   Fortitude: Armour and Shields.
 j - a +0 cloak (worn)
 p - a +0 helmet (worn)
 r - a +0 robe (worn)
Magical Staves
 y - a staff of fire
Wands
 g - a wand of polymorph (9)
Scrolls
 h - a scroll of revelation {unknown}
 k - a scroll of poison
 m - a scroll of teleportation
 o - a scroll of amnesia {unknown}
 u - a scroll of enchant weapon {unknown}
 w - a scroll of silence {unknown}
 x - a scroll of vulnerability {unknown}
 z - a scroll of noise {unknown}
 A - a scroll of identify
 C - a scroll of enchant armour {unknown}
 D - a scroll of fear {unknown}
 E - a scroll of blinking {unknown}
Potions
 d - 2 potions of magic
 e - a potion of lignification
 f - a potion of mutation
 i - a potion of ambrosia
 l - a potion of cancellation
 q - a potion of curing
 s - a potion of attraction
 t - a potion of berserk rage {unknown}
 v - a potion of might {unknown}
 B - a potion of brilliance {unknown}


   Skills:
 + Level 2.6 Fighting
 + Level 2.6 Short Blades
 + Level 2.6 Long Blades
 + Level 2.6 Axes
 + Level 2.6 Maces & Flails
 + Level 2.6 Polearms
 + Level 2.6 Staves
 + Level 2.6 Ranged Weapons
 + Level 2.6 Throwing
 + Level 2.6(3.0) Armour
 + Level 5.3 Dodging
 + Level 5.0 Stealth
 + Level 2.6(3.0) Shields
 + Level 2.6 Unarmed Combat
 + Level 5.7 Spellcasting
 + Level 3.1 Conjurations
 + Level 2.1 Hexes
 + Level 2.1 Summonings
 + Level 2.1 Necromancy
 + Level 2.1 Translocations
 + Level 2.1(2.5) Fire Magic
 + Level 2.1(2.5) Ice Magic
 + Level 2.1(2.5) Air Magic
 + Level 2.1(2.5) Earth Magic
 + Level 5.9 Alchemy
 + Level 3.0 Invocations
 + Level 2.6 Evocations
 + Level 2.4 Shapeshifting


You had 7 spell levels left.
You knew the following spells:

 Your Spells              Type           Power      Damage    Failure   Level
a - Sting                 Conj/Alch      76%        1d7       2%          1
b - Mercury Vapours       Alch/Air       36%        N/A       3%          2
c - Mephitic Cloud        Conj/Alch/Air  16%        N/A       9%          3
d - Olgreb's Toxic Radia  Alch           23%        N/A       12%         4

Your spell library contained the following spells:

 Spells                   Type           Power      Damage    Failure   Level
 Ensorcelled Hibernation  Hex/Ice        24%        N/A       9%          2
 Fugue of the Fallen      Necr           11%        N/A       17%         3
 Sticky Flame             Fire/Alch      18%        2d6       26%         4
 Anguish                  Hex/Necr       5%         N/A       50%         4


Dungeon Overview and Level Annotations

Branches:
Dungeon (5/15)             Temple (0/1) D:4           Sewer (1/1)

Altars:
Ashenzari
Yredelemnul

Annotations:
D:4 2 transporters, 0gre's ghost, amateur GnIE


Innate Abilities, Weirdness & Mutations

You have very sharp teeth.
Your uncanny sense of smell can sniff out nearby items.
Your experience applies equally to all skills.


Message History

You hit the crocodile.
The crocodile is moderately wounded.
The crocodile bites you. The crocodile drags you backwards!
Splash!
Your unstable footing causes you to fumble your attack.
The crocodile is no longer weakened.
The crocodile bites you! The crocodile drags you backwards!
You hit the crocodile.
The crocodile is moderately wounded.
The crocodile hisses menacingly.
The crocodile barely misses you.
You miss the crocodile. You bite the crocodile.
The crocodile is heavily wounded.
The crocodile bites you!
* * * LOW HITPOINT WARNING * * *
You closely miss the crocodile.
The crocodile is heavily wounded.
You hit the crocodile.
The crocodile is heavily wounded.
The crocodile looks more healthy.
The crocodile closely misses you.
Casting: Sting (safe; 2% risk of failure)
Confirm with . or Enter, or press ? or * to list all spells.
Aiming: Sting (safe; 2% risk of failure)
Press: ? - help, Shift-Dir - straight line, f/p - crocodile
Aim: a crocodile (heavily wounded, 67% to hit)
The sting hits the crocodile.
The crocodile is poisoned.
The crocodile is heavily wounded.
The crocodile barely misses you.
Casting: Sting (safe; 2% risk of failure)
Confirm with . or Enter, or press ? or * to list all spells.
Aiming: Sting (safe; 2% risk of failure)
Press: ? - help, Shift-Dir - straight line, f/p - crocodile
Aim: a crocodile (severely wounded, poisoned, 67% to hit)
The sting hits the crocodile.
The crocodile looks even sicker.
The crocodile is severely wounded.
The crocodile bites you but does no damage.
You closely miss the crocodile.
The crocodile is severely wounded.
The crocodile bites you!
You die...

#### ##### ###l.####
##.P.###### ##~~@.#≈≈###
#~...P~~..# #..~?.~≈≈≈≈#
.†....#~### #..~.P~≈≈≈≈≈
~~.~.P#~#####.~P.~~≈≈≈≈≈
..~..~#~##.##..#~#.≈≈≈≈≈
.######~#~~.####†#≈≈≈≈≈≈
†~~~~~#~#~..# #~#≈≈≈≈≈≈
÷######~#.### #~#≈≈≈≈≈≈
.÷.~..#~##.# ###~# ≈≈≈≈≈


You could see a crocodile (very poisoned).

Vanquished Creatures
  A phantom (D:4)
  A water moccasin zombie (D:4)
  2 bombardier beetles
  A jelly (D:4)
  3 orc priests
  A hound (D:5)
  An iguana (D:5)
  2 orc wizards
  A hound zombie (D:4)
  4 river rats (Sewer)
  8 adders
  3 worms
  A dart slug (D:1)
  13 orcs
  8 bats
  5 endoplasms
  2 giant cockroaches
  4 goblins
  5 hobgoblins
  6 jackals
  5 kobolds
  4 quokkas
  8 ball pythons
  9 frilled lizards
  5 rats
103 creatures vanquished.

Vanquished Creatures (others)
  An orc wizard (D:4)
1 creature vanquished.

Grand Total: 104 creatures vanquished

Notes
Turn   | Place    | Note
-------+----------+-------------------------------------------
     0 | D:1      | porpoise the Gnoll Alchemist began the quest for the Orb.
     0 | D:1      | Reached XP level 1. HP: 13/13 MP: 6/6
     1 | D:1      | Noticed an electric eel
   204 | D:1      | Reached XP level 2. HP: 19/19 MP: 7/7
   207 | D:1      | Learned a level 2 spell: Mercury Vapours
   659 | D:1      | Found a faded altar of an unknown god.
   825 | D:2      | Reached skill level 5 in Spellcasting
   825 | D:2      | Reached XP level 3. HP: 25/25 MP: 7/9
   850 | D:2      | Learned a level 3 spell: Mephitic Cloud
  1040 | D:2      | Reached skill level 1 in Invocations
  1386 | D:2      | Reached skill level 1 in Fighting
  1386 | D:2      | Reached skill level 1 in Short Blades
  1386 | D:2      | Reached skill level 1 in Long Blades
  1386 | D:2      | Reached skill level 1 in Axes
  1386 | D:2      | Reached skill level 1 in Maces & Flails
  1386 | D:2      | Reached skill level 1 in Polearms
  1386 | D:2      | Reached skill level 1 in Staves
  1386 | D:2      | Reached skill level 1 in Ranged Weapons
  1386 | D:2      | Reached skill level 1 in Throwing
  1386 | D:2      | Reached skill level 1 in Armour
  1386 | D:2      | Reached skill level 1 in Shields
  1386 | D:2      | Reached skill level 1 in Unarmed Combat
  1386 | D:2      | Reached skill level 1 in Evocations
  1937 | D:3      | Reached skill level 1 in Shapeshifting
  1937 | D:3      | Reached XP level 4. HP: 31/32 MP: 11/11
  1942 | D:3      | Learned a level 4 spell: Olgreb's Toxic Radiance
  2313 | D:3      | Found a broken altar of Ashenzari.
  2332 | D:3      | Became a worshipper of Ashenzari the Shackled
  2376 | D:4      | Reached skill level 1 in Hexes
  2376 | D:4      | Reached skill level 1 in Summonings
  2376 | D:4      | Reached skill level 1 in Necromancy
  2376 | D:4      | Reached skill level 1 in Translocations
  2376 | D:4      | Reached skill level 1 in Fire Magic
  2376 | D:4      | Reached skill level 1 in Ice Magic
  2376 | D:4      | Reached skill level 1 in Air Magic
  2376 | D:4      | Reached skill level 1 in Earth Magic
  2387 | D:4      | HP: 1/32 [something/puff of flame (9)]
  2395 | D:4      | Reached XP level 5. HP: 29/37 MP: 9/12
  2825 | D:4      | Noticed an ogre
  2825 | D:4      | Noticed 0gre's ghost (amateur GnIE)
  2867 | D:4      | Noticed a phantom
  2927 | D:4      | Found a staircase to the Ecumenical Temple.
  2928 | D:4      | Killed a phantom
  2929 | D:4      | Reached XP level 6. HP: 22/44 MP: 5/14
  3018 | D:4      | Reached skill level 5 in Dodging
  3024 | D:4      | Found a transporter.
  3433 | D:4      | Found a basalt altar of Yredelemnul.
  3470 | D:4      | Found a transporter.
  3509 | D:5      | Entered Level 5 of the Dungeon
  3524 | D:5      | Reached XP level 7. HP: 30/50 MP: 11/15
  3613 | D:5      | Found a glowing drain.
  3926 | Sewer    | Entered a sewer
  4116 | Sewer    | Reached skill level 5 in Stealth
  4505 | Sewer    | Mangled by a crocodile

Illustrated notes

Levels and vault maps discovered:
D:1:      arrival_aquarium_a, layout_basic, shapermc_ecumenical_altar_pompeii,
          serial_forest, infiniplex_forest_straight_2,
          infiniplex_forest_clump_medium, infiniplex_forest_end_2,
          infiniplex_forest_clump_double, infiniplex_forest_clump_diagonal,
          infiniplex_forest_lined_room_2, infiniplex_forest_clump_diagonal
D:2:      layout_basic, minmay_unequal
D:3:      layout_loops_ring, lemuel_doored_altar
D:4:      layout_loops_cross, lemuel_zombie_altar_yredelemnul,
          minmay_temple_entry_mini_moons, gammafunk_ghost_smash
D:5:      layout_rooms, cheibrodos_sewer_entry_sluice
Sewer:    sewer_co_scattered_pipes

Skill      XL: |  1  2  3  4  5  6  7 |
---------------+----------------------+-----
Conjurations   | 2 3 |  3.1
Spellcasting   | 5 |  5.7
Invocations    | 1 2 3 |  3.0
Fighting       | 1 2 |  2.6
Short Blades   | 1 2 |  2.6
Long Blades    | 1 2 |  2.6
Axes           | 1 2 |  2.6
Maces & Flails | 1 2 |  2.6
Polearms       | 1 2 |  2.6
Staves         | 1 2 |  2.6
Ranged Weapons | 1 2 |  2.6
Throwing       | 1 2 |  2.6
Armour         | 1 2 |  2.6
Shields        | 1 2 |  2.6
Unarmed Combat | 1 2 |  2.6
Evocations     | 1 2 |  2.6
Shapeshifting  | 1 2 |  2.4
Hexes          | 1 2 |  2.1
Summonings     | 1 2 |  2.1
Necromancy     | 1 2 |  2.1
Translocations | 1 2 |  2.1
Fire Magic     | 1 2 |  2.1
Ice Magic      | 1 2 |  2.1
Air Magic      | 1 2 |  2.1
Earth Magic    | 1 2 |  2.1
Dodging        | 5 |  5.3
Stealth        | 5 |  5.0
Alchemy        | |  5.9

Action                     |  1- 3 |  4- 6 |  7- 9 || total
---------------------------+-------+-------+-------++-------
  Melee: Unarmed           |     8 |       |       ||     8
         Bite              |     2 |    12 |    12 ||    26
         Short sword       |       |    93 |   131 ||   224
         Punch             |       |       |     5 ||     5
   Fire: Sling             |    93 |   111 |    12 ||   216
   Cast: Sting             |     8 |    15 |    42 ||    65
         Mercury Vapours   |     1 |     9 |     3 ||    13
         Olgreb's Toxic Ra |       |     1 |       ||     1
 Invoke: Curse Item        |       |     1 |       ||     1
    Use: Scroll            |     7 |     2 |       ||     9
         Potion            |       |     1 |       ||     1
 Armour: Robe              |    24 |    83 |    77 ||   184
  Dodge: Dodged            |    31 |    90 |    88 ||   209

Table legend: (Time is in decaauts)
 A = Elapsed time spent in this place.
 B = Non-inter-level travel time spent in this place.
 C = Inter-level travel time spent in this place.
 D = Time resting spent in this place.
 E = Time spent auto-exploring this place.
 F = Levels seen in this place.
 G = Mean time per level.
                   A        B        C        D        E       F      G
               +--------+--------+--------+--------+--------+-----+--------+
         Total |   4623 |   4471 |    152 |    929 |   2386 |   6 |  770.5 |
       Dungeon |   3974 |   3822 |    152 |    761 |   2203 |   5 |  794.8 |
         Sewer |    649 |    649 |      0 |    168 |    183 |   1 |  649.0 |
               +--------+--------+--------+--------+--------+-----+--------+

Top non-repeatable levels by time:
     D:4: 1481 daAuts
     D:1: 827 daAuts
     D:2: 814 daAuts
     D:3: 750 daAuts
   Sewer: 649 daAuts
     D:5: 101 daAuts
